 Dungeon Crawl Stone Soup version 0.20-a0-795-ga03948b (webtiles) character file.

37 4thArraOfDagon the Digger (level 3, -2/26 HPs)
             Began as a Demigod Earth Elementalist on Mar 1, 2017.
             Slain by a worker ant (7 damage)
             ... on level 4 of the Dungeon.
             The game lasted 00:01:43 (309 turns).

4thArraOfDagon the Digger (DgEE)                     Turns: 309, Time: 00:01:44

Health: -2/26      AC:  2    Str: 11    XL:     3   Next: 8%
Magic:  4/8        EV: 12    Int: 21    God:
Gold:   18         SH:  0    Dex: 16    Spells: 1/5 levels left

rFire    . . .     SeeInvis .   g - +0 hand axe
rCold    . . .     Gourm    .   c - +0 robe
rNeg     . . .     Faith    .   (no shield)
rPois    .         Spirit   .   (no helmet)
rElec    .         Reflect  .   (no cloak)
rCorr    .         Harm     .   (no gloves)
MR       .....                  (no boots)
Stlth    ++........             (no amulet)
Regen    0.1/turn               (no ring)
MPRegen  0.2/turn               (no ring)

@: lethally poisoned (-2 -> -10)
A: high mp 1
a: no special abilities


You were on level 4 of the Dungeon.
You were not hungry.

You visited 1 branch of the dungeon, and saw 4 of its levels.

You collected 18 gold pieces.

Inventory:

Hand Weapons
 g - a +0 hand axe (weapon)
Missiles
 b - 41 stones (quivered)
 f - 5 tomahawks
Armour
 c - a +0 robe (worn)
Scrolls
 a - 2 scrolls of identify {unknown}
 h - a scroll of magic mapping {unknown}
 i - a scroll of enchant armour {unknown}
Books
 e - a book of Geomancy

   Spells                             Type                      Level
   a - Sandblast                      Earth                        1
   b - Passwall                       Transmutation/Earth          2
   c - Stone Arrow                    Conjuration/Earth            3
   d - Petrify                        Transmutation/Earth          4
   e - Lee's Rapid Deconstruction     Earth                        5
Comestibles
 d - a bread ration
 j - a meat ration


   Skills:
 - Level 1.7 Dodging
 - Level 1.7 Stealth
 - Level 1.7 Spellcasting
   Level 0.8 Transmutations
 * Level 3.9 Earth Magic


You had one spell level left.
You knew the following spells:

 Your Spells              Type           Power        Failure   Level  Hunger
a - Sandblast             Erth           ###...       3%          1    #......
b - Stone Arrow           Conj/Erth      ##....       24%         3    ###....


Dungeon Overview and Level Annotations

Branches:
Dungeon (4/15)
 Temple: D:4-7


Innate Abilities, Weirdness & Mutations

You have an increased reservoir of magic. (+10% MP)


Message History

Aiming: Sandblast
Press: ? - help, Shift-Dir - straight line, f/p - worker ant
Aim: a worker ant (heavily wounded)
The blast of sand hits the worker ant.
The worker ant is heavily wounded.
b - 42 stones
* * * LOW HITPOINT WARNING * * *
You feel sick. The worker ant closely misses you.
Unknown command.
Casting: Sandblast
Confirm with . or Enter, or press ? or * to list all spells.
Aiming: Sandblast
Press: ? - help, Shift-Dir - straight line, f/p - worker ant
Aim: a worker ant (heavily wounded)
The blast of sand hits the worker ant.
The worker ant is severely wounded.
b - 41 stones
* * * LOW HITPOINT WARNING * * *
You feel sick. The worker ant completely misses you. The worker ant bites you!
You die...

......o..
.........
#........
#........
#.....#
##.....###
#.<.......
#.........
#.@.......
#.a.......
#.........
##..##.###
#..# .#
...# .
...# ...#


You could see a worker ant.

Vanquished Creatures
  Jessica (D:2)
  A dart slug (D:1)
  2 bats
  3 goblins (D:3)
  A hobgoblin (D:1)
  3 rats (D:1)
11 creatures vanquished.

Notes
Turn   | Place    | Note
-------+----------+-------------------------------------------
     0 | D:1      | 4thArraOfDagon the Demigod Earth Elementalist began the quest for the Orb.
     0 | D:1      | Reached XP level 1. HP: 14/14 MP: 5/5
    84 | D:1      | Reached skill level 3 in Earth Magic
   161 | D:2      | Noticed Jessica
   174 | D:2      | Killed Jessica
   174 | D:2      | Reached XP level 2. HP: 17/20 MP: 2/7
   174 | D:2      | Reached XP level 3. HP: 22/26 MP: 2/8
   288 | D:3      | Learned a level 3 spell: Stone Arrow
   309 | D:4      | Slain by a worker ant

Vault maps used:
D:1:      sevenhm_arrival_forest_fort_large_2
D:2:      old_standard_altar, serial_corexii_hall, corexii_hall_statues_i,
          corexii_hall_statues_l, makhleb_blood_cavern_becter, uniq_jessica,
          uniq_crazy_yiuf_cottage
D:3:      first_bread
D:4:      minmay_temple_entry_junction, serial_shops, nicolae_shop_behind_doors,
          st_stairs_11, nicolae_tso_carved_into_rock

Skill      XL: |  1 |
---------------+----+-----
Earth Magic    | 3 |  3.9
Dodging        | |  1.7
Stealth        | |  1.7
Spellcasting   | |  1.7
Transmutations | |  0.8

Action                   || total
-------------------------++-------
Melee: Hand axe          ||    23
       Unarmed           ||     4
 Cast: Sandblast         ||    15
  Use: Potion            ||     2
 Stab: Sleeping          ||     1
Armor: Robe              ||    14
Dodge: Dodged            ||    31
